 Dungeon Crawl Stone Soup version 0.30-a0-219-gf2db51d15e (webtiles) character file.

Game seed: 3655718694728884785

412 blackman the Slasher (level 7, -8/52 HPs)
             Began as a Human Delver on Oct 8, 2022.
             Was an Initiate of Cheibriados.
             Killed from afar by Dowan (14 damage)
             ... with a stone arrow
             ... on level 4 of the Dungeon.
             The game lasted 00:05:06 (1164 turns).

blackman the Slasher (Human Delver)                 Turns: 1164, Time: 00:05:06

Health: -8/52      AC: 10    Str: 14    XL:     7   Next: 14%
Magic:  7/7        EV:  0    Int: 11    God:    Cheibriados [......]
Gold:   65         SH: 11    Dex: 17    Spells: 6/6 levels left

rFire   + . .      SeeInvis .    i - +2 broad axe (flame)
rCold   + . .      Faith    .    o - +0 tower shield
rNeg    . . .      Spirit   .    n - +0 plate armour
rPois   +          Reflect  .    (no helmet)
rElec   +          Harm     .    (no cloak)
rCorr   +          Rampage  .    (no gloves)
Will    .....                    (no boots)
Stlth   ..........               (no amulet)
HPRegen 0.28/turn                (no ring)
MPRegen 0.10/turn                (no ring)

@: resistant, on berserk cooldown, slowed, very slow
A: no striking features
a: Renounce Religion


You were on level 4 of the Dungeon.
You worshipped Cheibriados.
Cheibriados was noncommittal.
You visited 1 branch of the dungeon, and saw 3 of its levels.

You collected 65 gold pieces.

Inventory:

Hand Weapons
 a - a +0 falchion
 i - a +2 broad axe of flaming (weapon)
Armour
 b - a +0 leather armour
 n - a +0 plate armour (worn)
 o - a +0 tower shield (worn)
Wands
 g - a wand of digging (3)
 m - a wand of mindburst (1)
Scrolls
 c - a scroll of fog
 d - 2 scrolls of magic mapping
 e - a scroll of fear
 h - a scroll of amnesia {unknown}
 k - a scroll of identify {unknown}
Potions
 f - a potion of haste
 p - a potion of lignification {unknown}


   Skills:
 - Level 3.0 Fighting
 - Level 6.5 Long Blades
 * Level 2.6 Axes
 - Level 2.0 Dodging
 - Level 5.0 Stealth


You had 6 spell levels left.
You didn't know any spells.
Your spell library was empty.

Dungeon Overview and Level Annotations

Branches:
Dungeon (6/15)
 Temple: D:4-7

Altars:
Cheibriados
Sif Muna

Annotations:
D:4 Dowan
D:5 2 runed translucent doors


Message History

Dowan blinks!
You block Dowan's attack.
You closely miss Dowan.
Dowan is heavily wounded.
Dowan hits you but does no damage.
Dowan gestures wildly while chanting.
Dowan blinks!
Dowan gestures wildly while chanting.
Dowan blinks!
p - a puce potion
Things that are here:
a +0 short sword; a +0 leather armour; the elf corpse of Duvessa Dowan zaps a wand.
The bolt of light hits you. Dowan casts a spell at you.
The shard of ice hits you!!
You hit Dowan. You burn Dowan.
Dowan is severely wounded.
Dowan casts a spell.
Dowan blinks!
Dowan zaps a wand.
The bolt of light hits you!
You are confused.
* * * LOW HITPOINT WARNING * * *
Dowan gestures wildly while chanting.
Dowan blinks!
Unknown command.
You are too confused!
It was a potion of berserk rage.
A red film seems to cover your vision as you go berserk!
Cheibriados protects you from inadvertent hurry.
You feel mighty!
You bump into the rock wall.
You feel a strong urge to attack something.
You bump into the rock wall.
You feel less confused.
You feel your anger nearly subside.
You are no longer berserk.
You are exhausted.
You feel yourself slow down.
It was a potion of resistance.
You feel protected. Dowan casts a spell at you. The stone arrow hits you!
You die...

#########
##........
#>........
#.########
#########.#
#.........# .
##@########.#
#..........#
#.e........#
#.#...♣.♣..
#.#..♣.♣
#.#..♣♣..
#)#...♣♣...
#...$.......
##......(..#


You could see Dowan (fast).

Vanquished Creatures
  Duvessa (D:4)
  An orc warrior (D:5)
  An ogre (D:5)
  A necrophage (D:5)
  An orc wizard (D:5)
  2 adders (D:5)
  A shadow imp (D:5)
  2 ufetubi (D:5)
  A worm (D:5)
  A dart slug (D:5)
  3 orcs (D:5)
  A quokka (D:5)
16 creatures vanquished.

Notes
Turn   | Place    | Note
-------+----------+-------------------------------------------
     0 | D:5      | blackman the Human Delver began the quest for the Orb.
     0 | D:5      | Reached XP level 1. HP: 18/18 MP: 1/1
     0 | D:5      | Noticed a hound
     1 | D:5      | Found a runed translucent gate.
     1 | D:5      | Noticed an orc wizard
    25 | D:6      | Noticed a killer bee
    25 | D:6      | Noticed a killer bee
    25 | D:6      | Noticed a killer bee
    39 | D:5      | Noticed a hound
    48 | D:5      | Found a shimmering blue altar of Sif Muna.
   114 | D:5      | Reached XP level 2. HP: 21/24 MP: 2/2
   131 | D:5      | Found a snail-covered altar of Cheibriados.
   135 | D:5      | Noticed an ogre
   144 | D:5      | Killed an ogre
   145 | D:5      | Reached skill level 4 in Long Blades
   145 | D:5      | Reached XP level 3. HP: 29/29 MP: 3/3
   145 | D:5      | Reached XP level 4. HP: 35/35 MP: 4/4
   150 | D:5      | Noticed a necrophage
   172 | D:5      | Killed a necrophage
   173 | D:5      | Reached skill level 5 in Long Blades
   173 | D:5      | Reached XP level 5. HP: 22/41 MP: 5/5
   993 | D:5      | Noticed an orc warrior
  1001 | D:5      | Killed an orc warrior
  1002 | D:5      | Reached skill level 6 in Long Blades
  1002 | D:5      | Reached XP level 6. HP: 47/47 MP: 6/6
  1079 | D:5      | Found a runed translucent gate.
  1094 | D:5      | Became a worshipper of Cheibriados the Contemplative
  1135 | D:4      | Noticed Duvessa
  1135 | D:4      | Noticed Dowan
  1147 | D:4      | Killed Duvessa
  1148 | D:4      | Reached XP level 7. HP: 35/52 MP: 7/7
  1164 | D:4      | Killed from afar by Dowan

Illustrated notes

Levels and vault maps discovered:
D:4:      kennysheep_spiral_hall, layout_basic, chequers_garden,
          grunt_decor_mini_mirrors, grunt_ministairs_15, minmay_hedge_maze,
          uniq_duvessa, uniq_sigmund
D:5:      layout_cave_pools, mainiacjoe_overflow_concentric_impassable,
          mainiacjoe_overflow_cross_hatched, gammafunk_ghost_split,
          chequers_serial_rivers_small_b
D:6:      cheibrodos_steamvent, layout_basic, okawaru_gym_becter,
          lemuel_doored_altar, minmay_temple_entry_glassed_door

Skill      XL: |  1  2  3  4  5  6 |
---------------+-------------------+-----
Long Blades    | 4 5 6 |  6.5
Axes           | 2 |  2.6
Fighting       | |  3.0
Dodging        | |  2.0
Stealth        | |  5.0

Action                   |  1- 3 |  4- 6 |  7- 9 || total
-------------------------+-------+-------+-------++-------
Melee: Falchion          |     6 |    34 |       ||    40
       Broad axe         |       |    21 |     3 ||    24
Evoke: Wand              |     3 |     9 |       ||    12
  Use: Potion            |       |       |     2 ||     2
Armor: Leather armour    |     1 |     8 |       ||     9
       Plate armour      |       |    24 |     2 ||    26
Dodge: Dodged            |     9 |    20 |       ||    29
Block: Tower shield      |       |     5 |     1 ||     6

Table legend: (Time is in decaauts)
 A = Elapsed time spent in this place.
 B = Non-inter-level travel time spent in this place.
 C = Inter-level travel time spent in this place.
 D = Time resting spent in this place.
 E = Time spent auto-exploring this place.
 F = Levels seen in this place.
 G = Mean time per level.
                   A        B        C        D        E       F      G
               +--------+--------+--------+--------+--------+-----+--------+
         Total |   1198 |   1144 |     54 |    705 |     84 |   3 |  399.3 |
       Dungeon |   1198 |   1144 |     54 |    705 |     84 |   3 |  399.3 |
               +--------+--------+--------+--------+--------+-----+--------+

Top non-repeatable levels by time:
     D:5: 1131 daAuts
     D:4: 65 daAuts
     D:6: 1 daAuts
